 Dungeon Crawl Stone Soup version 0.19.3-1-g3169bf9 (webtiles) character file.

0 Gargoyl the Skirmisher (level 1, -4/17 (19) HPs)
             Began as a Ghoul Abyssal Knight on Jan 25, 2017.
             Was a Follower of Lugonu.
             Slain by a sixfirhy (10 damage)
             ... on level 1 of the Abyss.
             The game lasted 00:00:28 (206 turns).

Gargoyl the Skirmisher (Ghoul Abyssal Knight)        Turns: 206, Time: 00:00:29

HP:   -4/17 (19)    AC:  3    Str: 12 (15) XL:     1   Next: 0%
MP:   1/1           EV: 11    Int:  5 (7)  God:    Lugonu [*.....]
Gold: 16            SH:  0    Dex:  6 (8)  Spells: 0 memorised, 0 levels left

rFire  . . .     SeeInvis .     a - +1 hand axe
rCold  + . .     Gourm    .     b - +0 leather armour
rNeg   + + +     Faith    .     (no shield)
rPois  ∞         Spirit   .     (no helmet)
rElec  .         Reflect  .     (no cloak)
rCorr  .         Harm     .     (no gloves)
MR     .....                    (no boots)
Stlth  +.........               (no amulet)
                                (no ring)
                                (no ring)

@: rotting
A: rotting body, claws 1, carnivore 3, cold resistance 1, negative energy
resistance 3, slow regeneration 1, torment resistance, unbreathing
a: Depart the Abyss, Renounce Religion


You were on level 1 of the Abyss.
You worshipped Lugonu.
Lugonu was aware of your devotion.
You were not hungry.

You visited 0 branches of the dungeon, and saw 0 of its levels.
You visited the Abyss 1 time.

You collected 16 gold pieces.

Inventory:

Hand Weapons
 a - a +1 hand axe (weapon)
Armour
 b - a +0 leather armour (worn)
Potions
 d - a potion of brilliance {unknown}
Comestibles
 c - a meat ration
 f - a beef jerky


   Skills:
 + Level 3.2 Fighting
 + Level 1.7 Axes
 + Level 1.7 Armour
 + Level 0.8 Dodging
 + Level 2.0 Invocations


You couldn't memorise any spells.
You didn't know any spells.

Dungeon Overview and Level Annotations

Branches:
Dungeon (0/15)

Altars:


Innate Abilities, Weirdness & Mutations

Your body is rotting away.
You thrive on raw meat.
You are immune to poison.
You have sharp fingernails.
You are carnivorous and can eat meat at any time.
Your flesh is cold resistant. (rC+)
You are immune to negative energy. (rN+++)
You regenerate slowly when monsters are visible.
You are immune to unholy pain and torment.
You can survive without breathing.


Message History

The starspawn tentacle grabs you. The starspawn tentacle constricts you.
You escape the starspawn tentacle's grasp.
The starspawn tentacle grabs you. The starspawn tentacle constricts you.
You escape the starspawn tentacle's grasp.
The starspawn tentacle grabs you. The starspawn tentacle constricts you.
You escape the starspawn tentacle's grasp.
The starspawn tentacle grabs you. The starspawn tentacle constricts you.
A small abomination comes into view.
The starspawn tentacle's grasp on you weakens, but your attempt to escape fails.
The starspawn tentacle loses its grip on you.
The tentacle pulls you backwards!
You are suddenly pulled into a different region of the Abyss!
Found a bread ration.
Unknown command.
An iron imp comes into view.
The iron imp shouts, "Leave, thou quaking guts-griping flesh wound!"
A sixfirhy comes into view.
The sixfirhy hits you. The sixfirhy shocks you!
Ouch! That really hurt!
You die...

.#.≈≈≈≈.......##.#. #.
#≈#≈.#..### ##.##.# #.
..#.#..≈.# ####...#..
...
..#≈.##.###....#..#.
#..#.≈≈≈≈.......#
.##..
#≈≈≈≈#.#≈≈.#5.#...# ##
#≈.≈≈.≈#≈≈≈...###. .#
#≈≈≈≈#≈#....#..##....#
#.@3#...#.##.##....
###.###.##. . .... ###
...###. .# . ##..### .
# . #.# # .# .#


You could see a sixfirhy and an iron imp.

Vanquished Creatures (others)
  2 starspawn tentacles (Abyss:1)
2 creatures vanquished.

Notes
Turn   | Place    | Note
-------+----------+-------------------------------------------
     0 | Abyss:1  | Gargoyl the Ghoul Abyssal Knight began the quest for the Orb.
     0 | Abyss:1  | Reached XP level 1. HP: 19/19 MP: 1/1
     1 | Abyss:1  | Found a corrupted altar of Lugonu.
    93 | Abyss:1  | Noticed a large abomination
    97 | Abyss:1  | Noticed a stone giant skeleton
   146 | Abyss:1  | Noticed a tentacled starspawn
   161 | Abyss:1  | Noticed a small abomination
   195 | Abyss:1  | Noticed an iron imp
   203 | Abyss:1  | Noticed a sixfirhy
   206 | Abyss:1  | Slain by a sixfirhy

Action                   || total
-------------------------++-------
  Use: Potion            ||     1
